 Dungeon Crawl Stone Soup version 0.18-a0-1577-gf591c28 (webtiles) character file.

63 poirepourri the Covered (level 4, 0/40 HPs)
             Began as a Hill Orc Fighter on Mar 18, 2016.
             Slain by Hilldric's ghost (10 damage)
             ... on level 5 of the Dungeon.
             The game lasted 00:02:27 (1546 turns).

poirepourri the Covered (Hill Orc Fighter)          Turns: 1546, Time: 00:02:27

Health: 0/40       AC:  8    Str: 24    XL:     4   Next: 10%
Magic:  4/4        EV:  8    Int:  8    God:
Gold:   139        SH:  9    Dex: 10    Spells: 0 memorised, 3 levels left

rFire  x . .     SeeInvis .     a - +1 war axe
rCold  + . .     Gourm    .     l - +0 scale mail
rNeg   . . .     Faith    .     c - +0 shield
rPois  .         Spirit   .     m - +0 helmet
rElec  .         Dismiss  .     (no cloak)
rCorr  .         Reflect  .     (no gloves)
SustAt .         Harm     .     (no boots)
MR     .....                    (no amulet)
Stlth  ..........               (no ring)
                                j - ring of ice

@: mighty, not resistant to hostile enchantments, extremely unstealthy
A: no striking features
a: no special abilities


You were on level 5 of the Dungeon.
You were not hungry.

You visited 1 branch of the dungeon, and saw 5 of its levels.

You collected 139 gold pieces.

Inventory:

Hand Weapons
 a - a +1 war axe (weapon)
 b - a +0 hunting sling
Missiles
 g - 4 steel tomahawks (quivered)
Armour
 c - a +0 shield (worn)
 l - a +0 scale mail (worn)
 m - a +0 helmet (worn)
Jewellery
 j - a ring of ice (left hand)
Potions
 e - a potion of beneficial mutation {unknown}
 h - 3 potions of heal wounds {unknown}
 k - 2 potions of magic {unknown}
 n - 2 potions of haste {unknown}
Comestibles
 f - 2 bread rations
 i - a meat ration


   Skills:
 + Level 4.0 Fighting
 + Level 3.3 Axes
 + Level 4.1 Armour
 + Level 1.0 Dodging
 + Level 0.1 Stealth
 + Level 3.6 Shields


You had 3 spell levels left.
You didn't know any spells.

Dungeon Overview and Level Annotations

Branches:
Dungeon (6/15)
 Temple: D:4-7

Altars:
Pakellas

Annotations:
D:5 Hilldric's ghost, amateur OgBe


Message History

Hilldric's ghost hits you! Hilldric's ghost hits you.
You hit Hilldric's ghost.
Hilldric's ghost is moderately damaged.
Hilldric's ghost hits you.
You hit Hilldric's ghost but do no damage.
Hilldric's ghost is moderately damaged.
Hilldric's ghost barely misses you.
Hilldric's ghost hits you but does no damage.
You slash Hilldric's ghost!
Hilldric's ghost is heavily damaged.
Hilldric's ghost hits you.
Drink which item? (? for menu, Esc to quit)
You feel very mighty all of a sudden. Hilldric's ghost hits you.
* * * LOW HITPOINT WARNING * * *
You barely miss Hilldric's ghost.
Hilldric's ghost is heavily damaged.
Hilldric's ghost hits you!
You die...

##...........#
##.#...#..#####
#..#...#.'##
..###....##
.#...#....##
#._.#.....## #
#...#......#.##..
.....###.......'.....
..##. #...@W...#.##..
# ##.....>##.#
#..#......##
#.......## ##...#'##
#####.# #.# ..# ...


You could see Hilldric's ghost.

Vanquished Creatures
  Jessica (D:3)
  2 dart slugs (D:1)
  A giant gecko (D:2)
  An orc (D:3)
  2 bats (D:1)
  A giant cockroach (D:1)
  4 hobgoblins
  3 jackals (D:3)
  3 kobolds
  A quokka (D:2)
  A giant gecko skeleton (D:3)
  2 giant newts
  5 goblins
  3 rats
30 creatures vanquished.

Notes
Turn   | Place    | Note
--------------------------------------------------------------
     0 | D:1      | poirepourri the Hill Orc Fighter began the quest for the Orb.
     0 | D:1      | Reached XP level 1. HP: 19/19 MP: 1/1
   230 | D:1      | Reached XP level 2. HP: 27/27 MP: 2/2
   780 | D:2      | Reached XP level 3. HP: 30/33 MP: 3/3
   957 | D:2      | You fall through a shaft!
  1011 | D:3      | Noticed Jessica
  1035 | D:3      | Killed Jessica
  1232 | D:3      | Reached skill level 1 in Dodging
  1232 | D:3      | Reached XP level 4. HP: 40/40 MP: 4/4
  1351 | D:3      | You fall through a shaft for 3 floors!
  1357 | D:5      | Entered Level 5 of the Dungeon
  1492 | D:5      | Found an oddly glowing altar of Pakellas.
  1519 | D:5      | Noticed Hilldric's ghost (amateur OgBe)
  1546 | D:5      | Slain by Hilldric's ghost

Vault maps used:
D:1:      dpeg_chamrin_arrival_tetris
D:2:      kennysheep_big_flooded_room
D:3:      uniq_jessica, uniq_robin
D:5:      grunt_temple_overflow_magic_moments, grunt_pakellas_mercury,
          kennysheep_little_box, serial_shops, shop, first_bread, tgw_sif,
          uniq_prince_ribbit1, uniq_eustachio, uniq_grinder, uniq_menkaure
D:6:      kennysheep_mini, nicolae_ashenzari_panopticon,
          minmay_temple_entry_nine_rooms, hangedman_abyss_or_decor_passed

Skill      XL: |  1  2  3 |
---------------+----------+-----
Armour         | 4 |  4.1
Fighting       | 4 |  4.0
Axes           | 3 |  3.3
Dodging        | 1 |  1.0
Stealth        | |  0.1
Shields        | |  3.6

Action                   |  1- 3 |  4- 6 || total
-------------------------+-------+-------++-------
Melee: War axe           |    73 |    16 ||    89
  Use: Scroll            |     4 |       ||     4
       Potion            |       |     1 ||     1
  Eat: Meat ration       |       |     1 ||     1
